Map: Ascension to Aiur LE

Players

TLO - Winner!

  • Race: Zerg Zerg
  • Spawn Location: 11:00

AlienViruz

  • Race: Terran Terran
  • Spawn Location: 5:00

Event: WCS Montreal 2017

VOD

Have the link to the VOD?

Description

Time

  • Played on: Sept. 8, 2017, 11:19 a.m.
  • Length: 8:09

All games in this series

Show
View Real Time Build Order
Export as new Build Order

TLO Zerg - Winner!

Build Orders: Hatch First 

Get SALT Encoding   

  12  0:00  Drone  
  13  0:14  Overlord  
  13  0:16  Drone  
  14  0:32  Drone x2  
  16  0:36  Drone  
  17  0:52  Hatchery  
  17  0:55  Drone  
  17  0:58  Drone  
  17  1:02  Extractor  
  17  1:14  Spawning Pool  
  17  1:17  Drone  
  17  1:20  Drone  
  18  1:29  Drone  
  19  1:40  Overlord  
  19  2:01  Queen  
  19  2:02  Metabolic Boost, Zergling x4  
  19  2:04  Queen  
  25  2:10  Drone  
  25  2:13  Drone  
  27  2:15  Drone  
  28  2:25  Drone  
  28  2:27  Drone  
  30  2:37  Queen, Overlord  
  30  2:39  Drone  
  30  2:43  Queen  
  35  2:47  Drone  
  36  2:59  Hatchery  
  36  3:02  Zergling x4  
  36  3:05  Drone  
  38  3:07  Drone  
  39  3:13  Overlord  
  39  3:15  Drone  
  39  3:16  Drone  
  39  3:17  Drone  
  42  3:22  Overlord  
  42  3:25  Drone  
  42  3:26  Drone  
  44  3:29  Overlord  
  44  3:33  Drone  
  44  3:34  Drone  
  46  3:37  Overlord  
  46  3:42  Drone x2  
  46  3:43  Drone  
  46  3:47  Drone  
  49  3:48  Drone  
  49  3:49  Drone  
  49  3:50  Drone  
  49  3:51  Drone  
  53  3:59  Drone, Zergling x2  
  55  4:04  Evolution Chamber  
  55  4:05  Extractor, Evolution Chamber  
  55  4:08  Drone  
  53  4:10  Drone  
  53  4:11  Queen, Drone  
  57  4:19  Zergling x2  
  57  4:23  Drone  
  59  4:24  Drone  
  59  4:25  Drone  
  59  4:26  Drone  
  59  4:28  Drone  
  59  4:30  Drone  
  64  4:32  Spore Crawler  
  64  4:33  Zergling x2  
  64  4:34  Spore Crawler  
  64  4:35  Drone x2  
  64  4:37  Drone x2  
  67  4:41  Zerg Melee Weapons Level 1  
  67  4:43  Overlord  
  67  4:54  Overlord  
  67  4:55  Drone, Zergling x2  
  67  4:56  Zergling x4  
  67  4:57  Zergling x4  
  73  5:00  Zerg Ground Armor Level 1  
  73  5:01  Zergling x4  
  73  5:02  Zergling x2  
  73  5:03  Drone  
  73  5:04  Zergling x2  
  78  5:08  Zergling x2  
  79  5:17  Zergling x2  
  79  5:19  Baneling Nest, Zergling x2  
  79  5:20  Zergling x2  
  81  5:21  Zergling x2  
  81  5:22  Drone  
  81  5:23  Zergling x2  
  81  5:24  Zergling x2  
  81  5:26  Zergling x2  
  81  5:28  Drone, Hatchery, Zergling x2  
  86  5:29  Zergling x2  
  86  5:31  Overlord  
  86  5:33  Zergling x2  
  86  5:34  Zergling x2  
  90  5:36  Zergling x2  
  90  5:37  Zergling x2  
  90  5:39  Overlord  
  92  5:43  Zergling x2  
  93  5:57  Zergling x2  
  93  5:58  Zergling x2  
  93  5:59  Drone x2  
  93  6:00  Drone x3  
  93  6:01  Drone  
  93  6:02  Overlord  
  93  6:03  Drone  
  97  6:09  Zergling x2  
  98  6:11  Baneling x3  
  98  6:12  Overlord, Baneling x7  
  98  6:13  Drone  
  98  6:18  Zergling x2  
  100  6:23  Zergling x2  
  100  6:24  Zergling x2  
  95  6:26  Queen x2  
  95  6:29  Zergling x2  
  95  6:32  Zergling x2  
  93  6:35  Zergling x2  
  93  6:36  Zergling x2  
  93  6:37  Zergling x2  
  90  6:41  Zergling x4  
  90  6:43  Zergling x4  
  90  6:44  Zergling x10  
  95  6:49  Zergling x2  
  95  6:53  Zergling x2  
  95  6:54  Zergling x2  
  94  6:56  Lair  
  94  6:57  Drone  
  94  7:00  Hatchery, Zergling x2  
  95  7:01  Baneling  
  95  7:02  Zergling x2, Baneling x7  
  95  7:03  Zergling x4  
  95  7:08  Extractor x2  
  97  7:10  Hatchery  
  97  7:11  Zergling x2  
  97  7:12  Zergling x4  
  97  7:13  Zergling x2  
  99  7:18  Zergling x2  
  99  7:22  Zergling x2  
  99  7:23  Zergling x2  
  99  7:24  Zergling x2  
  99  7:25  Zergling x2  
  99  7:26  Zergling x2  
  99  7:27  Zergling x4  
  99  7:28  Zergling x2  
  99  7:29  Zergling x2  
  98  7:30  Zergling x2  
  98  7:31  Zergling x4  
  98  7:32  Zergling x2  
  98  7:35  Zergling x4  
  98  7:36  Zergling x2  
  105  7:37  Zergling x2  
  105  7:38  Overlord  
  105  7:39  Overlord  
  105  7:43  Zergling x2  
  103  7:46  Zergling x2  
  103  7:47  Zergling x2  
  103  7:48  Zergling x2  
  103  7:49  Zergling x2  
  103  7:50  Zergling x2  
  108  7:51  Zergling x2  
  108  7:52  Zergling x4  
Show
View Real Time Build Order
Export as new Build Order

AlienViruz Terran 

Build Orders:  

Get SALT Encoding   

  12  0:05  SCV  
  13  0:18  SCV  
  14  0:26  Supply Depot  
  14  0:30  SCV  
  15  0:39  Refinery  
  15  0:48  SCV  
  15  0:49  Barracks  
  16  1:00  SCV  
  17  1:08  Refinery  
  17  1:12  SCV  
  18  1:24  SCV  
  19  1:37  Supply Depot  
  19  1:38  SCV  
  20  1:43  Factory  
  20  1:47  Reaper  
  20  1:51  SCV  
  22  2:24  SCV  
  22  2:25  Barracks Reactor  
  23  2:40  Widow Mine  
  26  2:44  Command Center  
  26  2:47  Orbital Command  
  25  3:14  Marine x2  
  25  3:16  Factory Tech Lab  
  25  3:17  SCV  
  28  3:29  SCV  
  28  3:31  Marine  
  28  3:32  Marine  
  30  3:36  Starport  
  30  3:41  SCV, Engineering Bay  
  30  3:48  Supply Depot  
  31  3:55  Marine x2  
  31  3:56  SCV  
  34  4:06  Siege Tank  
  34  4:08  SCV  
  38  4:13  Medivac, Marine  
  41  4:30  SCV  
  42  4:34  Marine x2  
  44  4:38  Siege Tank  
  44  4:41  Liberator  
  44  4:42  SCV  
  48  4:54  SCV  
  48  4:55  SCV  
  53  5:06  SCV  
  54  5:26  Refinery  
  54  5:29  Bunker  
  54  5:34  Terran Infantry Armor Level 1  
  54  5:40  Barracks  
  54  5:58  Marine, SCV  
  54  5:59  Medivac, Marine  
  54  6:00  SCV  
  53  6:11  SCV  
  54  6:20  SCV  
  54  6:21  Marine x2  
  54  6:23  SCV  
  54  6:24  Siege Tank  
  44  6:53  Barracks Reactor  
  43  7:15  Command Center  
  34  7:31  Marine x3, SCV  
  31  7:44  SCV  
  31  7:49  Marine x3  
  31  7:51  Factory Reactor  
  24  7:56  SCV  
Tags
 
Add a new tag
Caveats
  • Supply blocks, unpowered buildings, or Contaminate may cause inaccurate times.
  • Supply counts are checked every 10 seconds.